AoeStats
← gloectra

Arena

504238059Analyzed
3v3 RM · 27d ago on Sep 4, 2026· 51m 41s· 6 players
Game mode
Random Map
Map size
Normal (6 player)
Population
200
Speed
Normal
Resources
Standard
Victory
Conquest
Starting age
Dark Age
Ending age
Imperial Age
RankedLock teamsTeams togetherTeam positionsShared explorationLock speedFull tech treeHidden civsTurbo modeCheats
Victory
Defeat
🇦🇷 Vikings · Argentina
1026
+19
🇹🇷 Persians · Türkiye
998
+20
🇹🇷 Bohemians · Türkiye
953
+21
🇻🇳 Ethiopians · Vietnam
1109
-21
🇻🇳 Franks · Vietnam
1108
-21
🇦🇺 Wei · Australia
1033
-18
Thổ Dân Da Đỏ
11:15 Feudal Age
16:20 Castle Age
14:40 Double-Bit Axe
14:37 Horse Collar
19:04 Bow Saw
18:57 Heavy Plow
28:08 Imperial Age
29:17 Pikeman
29:58 Squires
29:59 Scale Mail Armor
31:10 Forging
31:16 Chain Mail Armor
31:28 Chieftains
31:34 Gambesons
31:36 Arson
34:01 Plate Mail Armor
34:06 Iron Casting
35:40 Padded Archer Armor
35:31 Fletching
36:02 Ballistics
36:43 Chemistry
38:02 Blast Furnace
40:04 Elite Skirmisher
40:20 Man-at-Arms
42:34 Leather Archer Armor
42:46 Conscription
43:03 Long Swordsman
44:58 Two-Man Saw
44:29 Crop Rotation
43:50 Gold Mining
43:51 Stone Mining
45:20 Ring Archer Armor
44:46 Bodkin Arrow
44:33 Two-Handed Swordsman
45:19 Crossbowman
45:25 Champion
48:23 Bracer
`TryAki
0:27 Loom
10:46 Feudal Age
14:08 Double-Bit Axe
14:06 Horse Collar
20:18 Castle Age
28:16 Squires
28:01 Arson
29:22 Pikeman
30:34 Squires
30:40 Squires
34:42 Imperial Age
32:40 Gold Mining
32:40 Stone Mining
33:28 Wheelbarrow
32:38 Town Watch
32:55 Heavy Plow
33:06 Bow Saw
33:06 Scale Barding Armor
34:16 Hand Cart
34:04 Caravan
34:27 Elite War Elephant
35:28 Conscription
35:46 Gold Shaft Mining
35:46 Stone Shaft Mining
36:34 Crop Rotation
36:31 Bloodlines
36:21 Husbandry
37:36 Chain Barding Armor
37:26 Forging
37:36 Chain Barding Armor
37:51 Cavalier
39:19 Savar
41:10 Iron Casting
41:18 Plate Barding Armor
45:30 Blast Furnace
47:06 Town Patrol
gloectra
5:14 Loom
13:22 Feudal Age
18:13 Castle Age
18:36 Wheelbarrow
17:57 Double-Bit Axe
19:32 Bow Saw
19:06 Horse Collar
23:53 Heavy Plow
26:55 Hand Cart
27:56 Hand Cart
28:45 Pikeman
31:39 Caravan
37:36 Imperial Age
35:16 Squires
36:59 Chemistry
36:19 Ballistics
35:40 Treadmill Crane
36:11 Masonry
35:57 Murder Holes
36:12 Fortified Wall
36:07 Fletching
36:17 Padded Archer Armor
38:16 Wagenburg Tactics
38:36 Conscription
38:17 Bodkin Arrow
38:37 Leather Archer Armor
38:30 Siege Engineers
39:28 Two-Man Saw
38:11 Houfnice
38:16 Halberdier
39:41 Bracer
41:24 Architecture
41:26 Ring Archer Armor
thetoaninfo
9:02 Feudal Age
9:28 Double-Bit Axe
15:01 Castle Age
15:43 Loom
16:45 Bow Saw
17:48 Wheelbarrow
17:10 Horse Collar
17:46 Stone Mining
23:06 Gold Mining
28:53 Imperial Age
26:52 Hand Cart
27:39 Town Watch
27:56 Fletching
28:07 Padded Archer Armor
28:56 Bodkin Arrow
28:36 Crossbowman
29:22 Thumb Ring
30:36 Chemistry
30:04 Conscription
30:06 Leather Archer Armor
31:16 Two-Man Saw
32:07 Ballistics
32:04 Bracer
31:56 Arbalester
33:37 Ring Archer Armor
33:44 Masonry
33:30 Murder Holes
34:47 Guilds
43:12 Forging
43:02 Scale Mail Armor
43:04 Squires
42:50 Arson
42:39 Elite Shotel Warrior
43:23 Royal Heirs
44:45 Architecture
44:52 Iron Casting
44:32 Heavy Plow
45:27 Chain Mail Armor
47:09 Blast Furnace
47:51 Plate Mail Armor
ToKhin
3:24 Loom
10:39 Feudal Age
11:18 Double-Bit Axe
18:40 Castle Age
18:57 Gold Mining
18:58 Stone Mining
19:50 Bow Saw
22:37 Forging
23:04 Husbandry
26:11 Scale Barding Armor
27:52 Wheelbarrow
33:08 Imperial Age
31:26 Iron Casting
32:13 Hand Cart
33:25 Gold Shaft Mining
33:31 Cavalier
37:22 Blast Furnace
36:44 Chain Barding Armor
38:42 Paladin
39:16 Elite Skirmisher
41:30 Plate Barding Armor
43:53 Fletching
44:04 Padded Archer Armor
46:39 Bodkin Arrow
47:00 Leather Archer Armor
47:38 Pikeman
49:25 Halberdier
50:51 Squires
TinTin
9:43 Feudal Age
15:11 Castle Age
14:03 Double-Bit Axe
15:25 Loom
16:03 Bow Saw
16:58 Horse Collar
22:18 Heavy Plow
24:40 Wheelbarrow
24:09 Gold Mining
29:09 Imperial Age
26:53 Husbandry
27:04 Bloodlines
27:01 Scale Barding Armor
28:05 Hand Cart
29:07 Chain Barding Armor
29:20 Murder Holes
29:45 Ballistics
29:39 Tuntian
30:16 Conscription
29:58 Stone Mining
30:46 Gold Shaft Mining
29:54 Heavy Hei Guang Cavalry
32:23 Town Watch
32:51 Forging
34:36 Chemistry
35:25 Iron Casting
37:11 Fletching
37:52 Parthian Tactics
37:33 Thumb Ring
39:13 Bodkin Arrow
40:30 Ming Guang Armor
43:56 Bracer
Connection lost

Rejoining the realm…

Still unreachable

The connection could not be restored.

Session expired

The server has moved on; the page needs a fresh start.